 Dungeon Crawl Stone Soup version 0.19.0-18-g426998a (webtiles) character file.

137 HessuHobo the Grave Robber (level 5, -5/36 HPs)
             Began as a Mummy Necromancer on Nov 11, 2016.
             Slain by an ogre
             ... wielding a cursed -1 giant spiked club
              (20 damage)
             ... on level 4 of the Dungeon.
             The game lasted 00:26:23 (4638 turns).

HessuHobo the Grave Robber (Mummy Necromancer)      Turns: 4638, Time: 00:26:24

Health: -5/36      AC:  7    Str: 11    XL:     5   Next: 0%
Magic:  0/9        EV: 13    Int: 16    God:
Gold:   175        SH:  0    Dex: 12    Spells: 2 memorised, 8 levels left

rFire  x . .     SeeInvis .     d - +1 club
rCold  + . .     Gourm    .     e - +1 robe
rNeg   + + +     Faith    .     (no shield)
rPois  ∞         Spirit   +     (no helmet)
rElec  .         Reflect  .     h - +2 cloak
rCorr  .         Harm     .     g - +0 pair of gloves
MR     .....                    (no boots)
Stlth  ++........               r - amulet of guardian spirit
                                (no ring)
                                j - +1 ring of evasion

@: very slightly contaminated
A: no food or potions, fire vulnerability, cold resistance 1, negative energy
resistance 3, torment resistance, unbreathing
a: no special abilities


You were on level 4 of the Dungeon.
You were not hungry.

You visited 1 branch of the dungeon, and saw 4 of its levels.

You collected 175 gold pieces.

Inventory:

Hand Weapons
 d - a +1 club (weapon)
Armour
 a - a +0 robe
 c - a +0 pair of gloves
 e - a +1 robe (worn)
 g - a +0 pair of gloves (worn)
 h - a +2 cloak (worn)
 i - a +0 robe
Jewellery
 j - a +1 ring of evasion (left hand)
 m - an uncursed amulet of faith
 r - an amulet of guardian spirit (around neck)
Scrolls
 k - a scroll of enchant armour
 l - a scroll of enchant weapon
 n - a scroll of blinking
 o - 7 scrolls of identify
 p - a scroll of remove curse
 q - a scroll of recharging
Potions
 f - a potion of might {unknown}
Books
 b - a book of Necromancy

   Spells                             Type                      Level
   a - Pain                           Necromancy                   1
   b - Animate Skeleton               Necromancy                   1
   c - Vampiric Draining              Necromancy                   3
   d - Regeneration                   Charms/Necromancy            3
   e - Animate Dead                   Necromancy                   4
   f - Control Undead                 Necromancy                   4


   Skills:
 + Level 0.4 Fighting
 + Level 1.0 Maces & Flails
 + Level 1.8 Dodging
 + Level 1.9 Stealth
 + Level 3.3 Spellcasting
 + Level 4.9 Necromancy


You had 8 spell levels left.
You knew the following spells:

 Your Spells              Type           Power        Failure   Level  Hunger
a - Pain                  Necr           ###.         2%          1    N/A
b - Animate Skeleton      Necr           N/A          2%          1    N/A

Dungeon Overview and Level Annotations

Branches:
Dungeon (4/15)
 Temple: D:4-7

Altars:
Ru


Innate Abilities, Weirdness & Mutations

You do not eat or drink.
Your flesh is vulnerable to fire.
You are immune to poison.
Your flesh is cold resistant. (rC+)
You are immune to negative energy. (rN+++)
You are immune to unholy pain and torment.
You can survive without breathing.


Message History

The ogre is heavily wounded.
The ogre completely misses you.
You hit the ogre.
The ogre is severely wounded.
The ogre barely misses you.
Casting: Pain
Confirm with . or Enter, or press ? or * to list all spells.
Aiming: Pain
Press: ? - help, Shift-Dir - straight line, f/p - ogre
Aim: an ogre, wielding a giant spiked club (heavily wounded, chance to defeat MR: 78%)
The ogre barely resists.
The ogre hits you with a giant spiked club!!
Ouch! That really hurt!
You hit the ogre but do no damage.
The ogre is heavily wounded.
You hit the ogre.
The ogre is severely wounded.
The ogre hits you with a giant spiked club!!
Ouch! That really hurt!
You die...

##.. ..(.. . ##..#
....#.. ## ##...#
.......
#.##....##.......
#........#......
#.............##
#..............#
###..............#
#.......@O.......#
..###......##......
###..### #.....
#....# #.... #....#
.... ##.##..# ...
#.## ..# ##.#
#..#.. #.## #....


You could see an ogre.

Vanquished Creatures
  Jessica (D:2)
  3 adders (D:3)
  An ooze (D:2)
  2 worms
  A dart slug (D:3)
  2 leopard geckos
  5 orcs (D:3)
  5 giant cockroaches
  7 hobgoblins
  A jackal (D:3)
  8 kobolds
  3 quokkas
  A ball python (D:2)
  6 bats
  7 goblins
  6 rats
59 creatures vanquished.

Vanquished Creatures (collateral kills)
  2 bats
  2 goblins (D:1)
  A kobold (D:1)
  A rat (D:2)
6 creatures vanquished.

Grand Total: 65 creatures vanquished

Notes
Turn   | Place    | Note
-------+----------+-------------------------------------------
     0 | D:1      | HessuHobo the Mummy Necromancer began the quest for the Orb.
     0 | D:1      | Reached XP level 1. HP: 13/13 MP: 3/3
     3 | D:1      | Learned a level 1 spell: Animate Skeleton
   529 | D:1      | Reached XP level 2. HP: 16/19 MP: 5/5
  1541 | D:2      | Reached XP level 3. HP: 10/24 MP: 1/6
  1817 | D:2      | Found a sacrificial altar of Ru.
  2056 | D:2      | Noticed Jessica
  2059 | D:2      | Killed Jessica
  2226 | D:2      | Reached XP level 4. HP: 30/30 MP: 4/8
  2559 | D:2      | Found a faded altar of an unknown god.
  3120 | D:3      | Reached skill level 1 in Maces & Flails
  4431 | D:3      | Reached XP level 5. HP: 36/36 MP: 5/9
  4623 | D:4      | Noticed an ogre
  4638 | D:4      | Slain by an ogre

Skill      XL: |  1  2  3  4 |
---------------+-------------+-----
Maces & Flails | 1 |  1.0
Spellcasting   | 3 |  3.3
Fighting       | |  0.4
Dodging        | |  1.8
Stealth        | |  1.9
Necromancy     | |  4.9

Action                   |  1- 3 |  4- 6 || total
-------------------------+-------+-------++-------
Melee: Club              |    93 |    84 ||   177
 Cast: Pain              |    28 |    51 ||    79
       Animate Skeleton  |     9 |     3 ||    12
  Use: Scroll            |     5 |     4 ||     9
 Stab: Sleeping          |     2 |       ||     2
Armor: Robe              |    47 |    35 ||    82
Dodge: Dodged            |    90 |    78 ||   168
